 Dungeon Crawl Stone Soup version 0.18-a0-1186-gd02dc51 (webtiles) character file.

105 kae the Insei (level 4, 0/35 HPs)
             Began as a Demonspawn Monk on Jan 28, 2016.
             Slain by an orc
             ... wielding a +0 flail of protection
              (3 damage)
             ... on level 3 of the Dungeon.
             The game lasted 00:01:49 (2661 turns).

kae the Insei (Demonspawn Monk)                     Turns: 2661, Time: 00:01:50

Health: 0/35       AC:  4    Str: 11    XL:     4   Next: 53%
Magic:  4/4        EV: 13    Int: 11    God:
Gold:   87         SH:  0    Dex: 17    Spells: 0 memorised, 3 levels left

rFire  . . .     SeeInvis .       - Unarmed
rCold  . . .     Gourm    .     a - +0 robe
rNeg   . . .     Faith    .     (no shield)
rPois  .         Spirit   .     (helmet restricted)
rElec  .         Dismiss  .     (no cloak)
rCorr  .         Reflect  .     l - +0 pair of gloves
SustAt .         Harm     .     (no boots)
MR     .....                    (no amulet)
Stlth  ++........               (no ring)
                                (no ring)

@: not resistant to hostile enchantments, unstealthy
A: antennae 1, molten scales 1
a: no special abilities


You were on level 3 of the Dungeon.
You were not hungry.

You visited 1 branch of the dungeon, and saw 3 of its levels.

You collected 87 gold pieces.

Inventory:

Armour
 a - a +0 robe (worn)
 l - a +0 pair of gloves (worn)
Scrolls
 g - a scroll of fear {unknown}
 i - 2 scrolls of amnesia
 k - a scroll of remove curse {unknown}
 n - a scroll of random uselessness {unknown}
Potions
 e - a potion of magic
 f - a potion of haste
 h - a potion of agility {unknown}
 o - a potion of brilliance {unknown}
Comestibles
 b - 2 bread rations
 c - 2 meat rations
 d - 2 beef jerkies


   Skills:
 - Level 3.0 Fighting
 - Level 2.6 Dodging
 - Level 1.7 Stealth
 + Level 5.4 Unarmed Combat


You had 3 spell levels left.
You didn't know any spells.

Dungeon Overview and Level Annotations

Branches:
Dungeon (3/15)

Altars:


Innate Abilities, Weirdness & Mutations

You have a pair of small antennae on your head.
You are partially covered in molten scales (AC +1).


Message History

The orc is almost dead.
The orc closely misses you. The orc hits you with a flail.
The orc hits you with a whip.
You completely miss the orc.
The orc is almost dead.
The orc misses you. The orc hits you with a flail!
* * * LOW HITPOINT WARNING * * *
You are too injured to fight recklessly!
You are too injured to fight recklessly!
You are too injured to fight recklessly!
You are too injured to fight recklessly!
You are too injured to fight recklessly!
You are too injured to fight recklessly!
You are too injured to fight recklessly!
The orc barely misses you.
You see here 9 gold pieces.
The orc hits you with a whip.
* * * LOW HITPOINT WARNING * * *
The orc hits you with a flail of protection.
You die...

#.(.....$.
##.......##
#......)..#
#.........##
#..........##
#...........###
#......(o.#...#
##......oo.##...
#......@$..# #. ..
#..........###....
#.........[.......
#..........#......
#..).......#.##.##
##.(..)...#..# #
##........#..#
#............#
#............##.


You could see 3 orcs.

Vanquished Creatures
  3 adders (D:2)
  A worm (D:2)
  2 giant geckos
  6 orcs (D:3)
  4 ball pythons
  4 giant cockroaches
  5 goblins
  7 hobgoblins
  13 kobolds
  A quokka (D:2)
  6 bats
  3 giant newts
  6 rats
61 creatures vanquished.

Notes
Turn   | Place    | Note
--------------------------------------------------------------
     0 | D:1      | kae the Demonspawn Monk began the quest for the Orb.
     0 | D:1      | Reached XP level 1. HP: 18/18 MP: 1/1
    92 | D:1      | Reached skill level 4 in Unarmed Combat
   103 | D:1      | Gained mutation: You are partially covered in molten scales (AC +1). [demonic ancestry]
   103 | D:1      | Reached XP level 2. HP: 20/24 MP: 2/2
   922 | D:2      | Reached XP level 3. HP: 29/29 MP: 3/3
  1307 | D:2      | Reached skill level 5 in Unarmed Combat
  1945 | D:3      | Gained mutation: You have a pair of small antennae on your head. [demonic ancestry]
  1945 | D:3      | Reached XP level 4. HP: 32/35 MP: 4/4
  2661 | D:3      | Slain by an orc

Vault maps used:
D:1:      scummos_arrival_simple_fountains
D:3:      minmay_box_of_dots

Action                   |  1- 3 |  4- 6 || total
-------------------------+-------+-------++-------
Melee: Unarmed           |   143 |    74 ||   217
  Use: Scroll            |     5 |       ||     5
       Potion            |       |     2 ||     2
 Stab: Sleeping          |     9 |       ||     9
       Distracted        |     1 |       ||     1
  Eat: Chunk             |     3 |     3 ||     6
